 Dungeon Crawl Stone Soup version 0.29.1-debian-4-g95531337e3 (webtiles) character file.

Game seed: 9110619081852336071

81 Dreamer the Shield-Bearer (level 4, -4/37 HPs)
             Began as a Formicid Fighter on Sept 13, 2022.
             Killed by divine providence
             ... invoked by an orc priest
              (11 damage)
             ... on level 3 of the Dungeon.
             The game lasted 00:04:11 (1843 turns).

Dreamer the Shield-Bearer (Formicid Fighter)        Turns: 1843, Time: 00:04:12

Health: -4/37      AC:  7    Str: 23    XL:     4   Next: 67%
Magic:  4/4        EV:  9    Int:  7    God:
Gold:   153        SH:  5    Dex: 13    Spells: 3/3 levels left

rFire   . . .      SeeInvis +   a - +0 flail
rCold   . . .      Faith    .   c - +0 buckler
rNeg    . . .      Spirit   .   b - +0 scale mail
rPois   .          Reflect  .   (helmet unavailable)
rElec   .          Harm     .   (no cloak)
rCorr   .          Rampage  .   (no gloves)
Will    .....                   (no boots)
Stlth   +.........              (no amulet)
HPRegen 0.12/turn               (no ring)
MPRegen 0.09/turn               (no ring)

@: no status effects
A: permanent stasis, dig shafts and tunnels, antennae 3, four strong arms
a: Dig, Shaft Self


You were on level 3 of the Dungeon.
You visited 1 branch of the dungeon, and saw 3 of its levels.

You collected 153 gold pieces.

Inventory:

Hand Weapons
 a - a +0 flail (weapon)
Armour
 b - a +0 scale mail (worn)
 c - a +0 buckler (worn)
Jewellery
 q - a ring of positive energy
Scrolls
 e - 5 scrolls of identify {unknown}
 f - a scroll of brand weapon {unknown}
 h - a scroll of summoning {unknown}
 i - 2 scrolls of immolation {unknown}
 j - 2 scrolls of enchant armour {unknown}
 k - a scroll of magic mapping {unknown}
 l - a scroll of teleportation {unknown}
 p - 2 scrolls of enchant weapon {unknown}
Potions
 d - 4 potions of might
 g - 3 potions of curing {unknown}
 m - a potion of attraction {unknown}
 n - 3 potions of flight {unknown}
 o - 2 potions of brilliance {unknown}


   Skills:
 + Level 3.7 Fighting
 * Level 3.0 Maces & Flails
 + Level 3.8 Armour
 + Level 1.9 Stealth
 + Level 4.5 Shields


You had 3 spell levels left.
You didn't know any spells.
Your spell library contained the following spells:

 Spells                   Type           Power      Damage    Failure   Level
 Ensorcelled Hibernation  Hex/Ice        0%         N/A       91%         2
 Passwall                 Tmut/Erth      0%         N/A       91%         2
 Ignite Poison            Fire/Tmut/Pois 0%         N/A       99%         3
 Sticky Flame             Conj/Fire      0%         2d3       100%        4
 Swiftness                Air            Unusable   N/A       N/A         3

Dungeon Overview and Level Annotations

Branches:
Dungeon (3/15)

Altars:


Innate Abilities, Weirdness & Mutations

You cannot be hasted, slowed, berserked, paralysed or teleported.
You can dig through walls and to a lower floor.
You have a pair of large antennae on your head. (SInv)
Your four strong arms can wield two-handed weapons with a shield.


Message History

You closely miss the orc.
The orc is severely wounded.
The orc hits you with a +0 club. The orc wizard barely misses you.
The orc hits you with a +0 club.
* * * LOW HITPOINT WARNING * * *
The orc wizard closely misses you.
You barely miss the orc wizard.
The orc wizard is moderately wounded.
The orc hits you but does no damage.
The orc wizard hits you but does no damage.
You hit the orc wizard.
The orc wizard is severely wounded.
The orc wizard hits you with a +0 dagger.
* * * LOW HITPOINT WARNING * * *
The orc closely misses you.
You closely miss the orc wizard.
The orc wizard is severely wounded.
The orc barely misses you.
The orc wizard hits you but does no damage.
The orc hits you with a +0 club.
* * * LOW HITPOINT WARNING * * *
You block the orc wizard's attack.
You closely miss the orc wizard.
The orc wizard is severely wounded.
You block the orc's attack. You block the orc wizard's attack.
You sock the orc wizard!
You kill the orc wizard!
You block the orc's attack.
Your Maces & Flails skill increases to level 3!
You thump the orc priest!
The orc priest is heavily wounded.
You block the orc's attack.
The orc priest calls upon Beogh to heal the orc.
The orc's wounds heal themselves!
You hit the orc priest but do no damage.
The orc priest is heavily wounded.
The orc hits you but does no damage.
The orc priest invokes the aid of Beogh against you.
Beogh smites you!
You die...

####.........###
#............
##.##...#####
#.##...# #
#.###### # #.# #
###.##### #.# #
......oo# #.# #
o #@# #.# # #.#
#.# #.# #.#
#.#####.#
#.......#
#########


You could see an orc priest and an orc.

Vanquished Creatures
  An orc wizard (D:3)
  2 adders
  3 dart slugs
  An orc (D:3)
  5 ball pythons
  3 bats
  An endoplasm (D:2)
  A giant cockroach (D:1)
  4 goblins
  4 hobgoblins
  A quokka (D:2)
  A frilled lizard (D:1)
  2 kobolds
  2 rats (D:2)
31 creatures vanquished.

Notes
Turn   | Place    | Note
-------+----------+-------------------------------------------
     0 | D:1      | Dreamer the Formicid Fighter began the quest for the Orb.
     0 | D:1      | Reached XP level 1. HP: 18/18 MP: 1/1
   148 | D:1      | Reached XP level 2. HP: 24/24 MP: 2/2
   280 | D:1      | Reached skill level 1 in Stealth
   853 | D:2      | Reached XP level 3. HP: 29/29 MP: 3/3
  1272 | D:2      | Found a faded altar of an unknown god.
  1643 | D:3      | Reached XP level 4. HP: 29/36 MP: 4/4
  1843 | D:3      | Killed from afar by an orc priest

Illustrated notes

Levels and vault maps discovered:
D:1:      elethiomel_arrival_infinity_welcomes_careful_drivers,
          layout_loops_ring, supply_closet_lemuel, nrook_loot_triangle,
          st_stairs_1, minmay_misc_feat_columns
D:2:      layout_basic, dilly_ecumenical_altar_fadedgnrine
D:3:      layout_loops_corners, grunt_decor_mini_mirrors, uniq_terence

Skill      XL: |  1  2  3  4 |
---------------+-------------+-----
Stealth        | 1 |  1.9
Maces & Flails | 3 |  3.0
Fighting       | |  3.7
Armour         | |  3.8
Shields        | |  4.5

Action                   |  1- 3 |  4- 6 || total
-------------------------+-------+-------++-------
Melee: Flail             |    89 |    25 ||   114
Armor: Scale mail        |    43 |     5 ||    48
Dodge: Dodged            |    44 |    12 ||    56
Block: Buckler           |    24 |     8 ||    32
